 Dungeon Crawl Stone Soup version 0.21.1-1-g345015f (webtiles) character file.

20 inc the Chiller (level 2, 0/17 HPs)
             Began as an Octopode Ice Elementalist on June 13, 2018.
             Slain by a goblin
             ... wielding a +0 club
              (2 damage)
             ... on level 1 of the Dungeon.
             The game lasted 00:00:36 (577 turns).

inc the Chiller (Octopode Ice Elementalist)          Turns: 577, Time: 00:00:37

Health: 0/17       AC:  1    Str:  7    XL:     2   Next: 79%
Magic:  1/5        EV: 13    Int: 17    God:
Gold:   8          SH:  0    Dex: 12    Spells: 4/5 levels left

rFire    . . .     SeeInvis .   (no weapon)
rCold    . . .     Gourm    .   (no shield)
rNeg     . . .     Faith    .   (helmet restricted)
rPois    .         Spirit   .   (no amulet)
rElec    .         Reflect  .   (no ring)
rCorr    .         Harm     .   (no ring)
MR       .....                  (no ring)
Stlth    +++.......             (no ring)
HPRegen  0.05/turn              (no ring)
MPRegen  0.09/turn              (no ring)
                                (no ring)
                                (no ring)

@: very slightly contaminated
A: almost no armour, stealthy swim, amphibious, 8 rings, constrict 8, camouflage
1, gelatinous body 1
a: no special abilities


You were on level 1 of the Dungeon.
You were not hungry.

You visited 1 branch of the dungeon, and saw 1 of its levels.

You collected 8 gold pieces.

Inventory:

Scrolls
 c - 2 scrolls of identify {unknown}
 d - a scroll of remove curse {unknown}
 e - a scroll of fog {unknown}
 f - a scroll of immolation {unknown}
 h - a scroll of enchant weapon {unknown}
Potions
 g - a potion of curing {unknown}
Books
 a - a book of Frost

   Spells                             Type                      Level
   a - Freeze                         Ice                          1
   b - Throw Frost                    Conjuration/Ice              2
   c - Ozocubu's Armour               Charms/Ice                   3
   d - Throw Icicle                   Conjuration/Ice              4
   e - Summon Ice Beast               Ice/Summoning                4
Comestibles
 b - 3 rations


   Skills:
 - Level 2.0 Dodging
 - Level 2.6 Stealth
 - Level 2.0 Spellcasting
   Level 1.0 Conjurations
 + Level 4.0 Ice Magic


You had 4 spell levels left.
You knew the following spells:

 Your Spells              Type           Power        Failure   Level  Hunger
a - Freeze                Ice            ###.         3%          1    #......


Dungeon Overview and Level Annotations

Branches:
Dungeon (1/15)

Altars:


Innate Abilities, Weirdness & Mutations

You cannot wear most types of armour.
You are very stealthy in the water. (Stealth+)
You are amphibious.
You can wear up to eight rings at the same time.
You can use your tentacles to constrict eight enemies at once.
Your skin changes colour to match your surroundings (Stealth+).
Your rubbery body absorbs attacks. (AC +1, EV +1)


Message History

You miss the leopard gecko. You grab the leopard gecko.
The leopard gecko is lightly wounded.
You constrict the leopard gecko.
You kill the leopard gecko!
You constrict the leopard gecko. The leopard gecko barely misses you.
The goblin misses you.
Unknown command.
You closely miss the goblin. You grab the goblin.
Your squeeze misses the goblin. You constrict the leopard gecko.
You constrict the goblin. The leopard gecko barely misses you.
The goblin barely misses you. The leopard gecko barely misses you.
Unknown command.
You tentacle-slap the goblin.
The goblin is severely wounded.
You constrict the leopard gecko.
You kill the leopard gecko!
Your Ice Magic skill increases to level 4!
You constrict the goblin, but do no damage.
The goblin hits you with a club.
You die...

........=# .........
......... ...$.....
#.....!.## .........#
......)g.# ......†@†#
.........### ...........##
##........$.[..##########
#......[........##......#
#...............)#......# #
#........)#####.........###
#.......8.#####.##......#..
##........§≈§≈##.##......#.#


You could see a goblin.

Vanquished Creatures
  An ooze (D:1)
  2 leopard geckos (D:1)
  3 bats (D:1)
  A giant cockroach (D:1)
  2 goblins (D:1)
  A hobgoblin (D:1)
  A frilled lizard (D:1)
  2 rats (D:1)
13 creatures vanquished.

Notes
Turn   | Place    | Note
-------+----------+-------------------------------------------
     0 | D:1      | inc the Octopode Ice Elementalist began the quest for the Orb.
     0 | D:1      | Reached XP level 1. HP: 11/11 MP: 3/3
   229 | D:1      | Reached XP level 2. HP: 5/17 MP: 5/5
   577 | D:1      | Reached skill level 4 in Ice Magic
   577 | D:1      | Slain by a goblin

Skill      XL: |  1  2 |
---------------+-------+-----
Ice Magic      | 4 |  4.0
Dodging        | |  2.0
Stealth        | |  2.6
Spellcasting   | |  2.0
Conjurations   | |  1.0

Action                   || total
-------------------------++-------
Melee: Unarmed           ||    33
       Constrict         ||    11
       Tentacles         ||     4
 Cast: Freeze            ||     8
 Stab: Sleeping          ||     3
Armor: Skin              ||     8
Dodge: Dodged            ||    37
